 Dungeon Crawl Stone Soup version 0.30-a0-719-gcc4359ea44 (webtiles) character file.

Game seed: 11476800255077845990

719 Dirtsage the Changer (level 7, -4/51 HPs)
             Began as an Octopode Transmuter on Jan 26, 2023.
             Slain by a gnoll
             ... wielding a +0 halberd
             ... led by a gnoll sergeant
              (10 damage)
             ... on level 5 of the Dungeon.
             The game lasted 00:06:52 (3366 turns).

Dirtsage the Changer (Octopode Transmuter)          Turns: 3366, Time: 00:06:53

Health: -4/51      AC:  7    Str: 16    XL:     7   Next: 70%
Magic:  7/10       EV: 10    Int: 17    God:
Gold:   226        SH:  0    Dex: 12    Spells: 3/10 levels left

rFire   x . .      SeeInvis .      - Unarmed
rCold   + + +      Faith    .    (shield currently unavailable)
rNeg    + . .      Spirit   .    (helmet currently unavailable)
rPois   +          Reflect  .    (no amulet)
rElec   .          Harm     .    j - +6 ring of strength
rCorr   .          Rampage  .    m - +4 ring of slaying
Will    .....                    N - ring of positive energy
Stlth   +                        (no ring)
HPRegen 0.28/turn                (no ring)
MPRegen 0.12/turn                (no ring)
                                 (no ring)
                                 (no ring)

@: ice-form, wereblooded
A: freezing attack, boosted hp, almost no armour, amphibious, 8 rings, large,
(camouflage 1), (gelatinous body 1), (nimble swimmer 1), (tentacles)
a: End Transformation


You were on level 5 of the Dungeon.
You were a creature of crystalline ice.
You visited 1 branch of the dungeon, and saw 5 of its levels.

You collected 226 gold pieces.

Inventory:

Missiles
 l - 3 throwing nets
Jewellery
 j - a +6 ring of strength (left front paw)
 m - a +4 ring of slaying (right front paw)
 N - a ring of positive energy (on tentacle)
Wands
 u - a wand of flame (5)
Scrolls
 b - 2 scrolls of vulnerability {unknown}
 d - 3 scrolls of fog {unknown}
 e - 6 scrolls of identify {unknown}
 g - a scroll of noise {unknown}
 h - a scroll of brand weapon {unknown}
 k - 4 scrolls of enchant armour {unknown}
 p - a scroll of immolation {unknown}
 q - a scroll of magic mapping {unknown}
 s - a scroll of teleportation {unknown}
Potions
 a - a potion of lignification
 c - 2 potions of might {unknown}
 f - a potion of haste {unknown}
 i - a potion of attraction {unknown}
 n - 2 potions of mutation {unknown}
 o - a potion of degeneration {unknown}
 r - a potion of curing {unknown}
 t - 2 potions of brilliance {unknown}


   Skills:
 - Level 1.0 Fighting
 - Level 2.0 Dodging
 - Level 3.0 Unarmed Combat
 - Level 2.0 Spellcasting
 + Level 6.1 Transmutations
 + Level 5.6 Ice Magic


You had 3 spell levels left.
You knew the following spells:

 Your Spells              Type           Power      Damage    Failure   Level
a - Beastly Appendage     Tmut           44%        N/A       1%          1
b - Wereblood             Tmut           22%        N/A       2%          2
c - Ice Form              Ice/Tmut       21%        N/A       17%         4

Your spell library contained the following spells:

 Spells                   Type           Power      Damage    Failure   Level
 Sting                    Tmut/Pois      48%        1d5       5%          1
 Spider Form              Tmut/Pois      12%        N/A       17%         3
 Magic Dart               Conj           4%         1d3       19%         1
 Call Imp                 Summ           1%         N/A       28%         2
 Poisonous Vapours        Pois/Air       2%         N/A       28%         2
 Scorch                   Fire           2%         2d5       28%         2
 Static Discharge         Conj/Air       2%         2-3/arc   28%         2
 Mephitic Cloud           Conj/Pois/Air  1%         N/A       50%         3
 Vhi's Electric Charge    Tloc/Air       2%         N/A       50%         3
 Flame Wave               Conj/Fire      1%         2d4       88%         4
 Olgreb's Toxic Radiance  Pois           1%         N/A       88%         4
 Arcjolt                  Conj/Air       0%         1d10      99%         5
 Lightning Bolt           Conj/Air       0%         1d11      99%         5
 Summon Cactus Giant      Summ           0%         N/A       100%        6


Dungeon Overview and Level Annotations

Branches:
Dungeon (5/15)
 Temple: D:4-7

Altars:
Sif Muna
Vehumet

Shops:
D:1 ?


Innate Abilities, Weirdness & Mutations

You are a creature of crystalline ice.
You have a powerful freezing melee attack.
Your maximum health is increased.
Your armour is entirely melded.
You are incapable of wielding weapons or throwing items.
You cannot wear most types of armour.
You are amphibious.
You can wear up to eight rings at the same time.
((Your skin changes colour to match your surroundings (Stealth+).))
((Your rubbery body absorbs attacks. (AC +1, EV +1)))
((You are camouflaged when in or above water. (Stealth+)))
((You have tentacles for arms and can constrict up to eight enemies at once.))


Message History

The gnoll sergeant melts you. The gnoll barely misses you.
The gnoll hits you but does no damage.
You take 1 damage, and have 29/51 hp.
You hit the gnoll sergeant. You freeze the gnoll sergeant.
You feel a bit better.
You kill the gnoll sergeant!
The gnoll closely misses you.
The gnoll hits you from afar with a +0 halberd.
Your Transmutations skill increases to level 6!
You take 1 damage, and have 28/51 hp.
You punch the gnoll! You freeze the gnoll.
You feel a bit better.
You kill the gnoll!
The gnoll closely misses you. x2
You regained 3 hp, and now have 31/51 hp.
You punch the gnoll! You freeze the gnoll.
The gnoll is almost dead.
The gnoll closely misses you. The gnoll hits you with a +0 whip.
The gnoll closely misses you.
You take 3 damage, and have 28/51 hp.
You barely miss the gnoll.
The gnoll is almost dead.
The gnoll barely misses you. x2
You barely miss the gnoll.
The gnoll is almost dead.
The gnoll hits you but does no damage.
The gnoll hits you from afar with a +0 halberd!
The gnoll barely misses you. The gnoll hits you with a +0 whip.
You take 8 damage, and have 21/51 hp.
You hit the gnoll. You freeze the gnoll.
You feel a bit better.
You kill the gnoll!
The gnoll hits you from afar with a +0 halberd!
* * * LOW HITPOINT WARNING * * *
The gnoll barely misses you.
You take 10 damage, and have 11/51 hp.
You punch the gnoll! You freeze the gnoll.
You feel a bit better.
You kill the gnoll!
The gnoll hits you from afar with a +0 halberd!
* * * LOW HITPOINT WARNING * * *
The gnoll hits you from afar with a +0 halberd!
You die...

.....#
#+######+#.....#
#........#.....#
#........#.....+
#........#.....#
#..###...#.....#
#####..###..Y#.....#
#......#....))g....#
#......#.....#g....+
#'#########..#.....#
#..##..####..#.....#
#........#...#.....#
#.<......#...#g....#
#........#...#.....#
#..###########g....#


You could see 2 gnolls.

Vanquished Creatures
  A water moccasin (D:3)
  A black bear (D:4)
  An ogre (D:4)
  A bullfrog (D:4)
  A gnoll sergeant (D:5)
  2 scorpions (D:4)
  A jelly (D:4)
  An orc priest (D:3)
  6 gnolls
  4 adders
  A worm (D:3)
  3 orcs (D:3)
  7 ball pythons
  2 endoplasms
  10 hobgoblins
  3 jackals (D:2)
  2 quokkas (D:1)
  5 bats
  4 goblins
  8 kobolds
  4 rats
68 creatures vanquished.

Notes
Turn   | Place    | Note
-------+----------+-------------------------------------------
     0 | D:1      | Dirtsage the Octopode Transmuter began the quest for the
                  | Orb.
     0 | D:1      | Reached XP level 1. HP: 13/13 MP: 3/3
   111 | D:1      | Reached skill level 1 in Ice Magic
   111 | D:1      | Reached XP level 2. HP: 8/18 MP: 3/5
   204 | D:1      | Found Radasene's Magic Scroll Shoppe.
   817 | D:2      | Reached XP level 3. HP: 23/23 MP: 6/6
   823 | D:2      | Learned a level 2 spell: Wereblood
  1031 | D:2      | Reached skill level 3 in Transmutations
  1108 | D:2      | You fall into a shaft and drop 2 floors!
  1118 | D:4      | Noticed a scorpion
  1360 | D:2      | Reached XP level 4. HP: 27/28 MP: 5/7
  1382 | D:2      | Learned a level 4 spell: Ice Form
  1969 | D:3      | Noticed a water moccasin
  1986 | D:3      | Killed a water moccasin
  1987 | D:3      | Reached skill level 4 in Transmutations
  1987 | D:3      | Reached XP level 5. HP: 24/33 MP: 2/8
  2064 | D:3      | Found a shimmering blue altar of Sif Muna.
  2560 | D:4      | Reached XP level 6. HP: 38/38 MP: 4/9
  2610 | D:4      | Noticed a black bear
  2617 | D:4      | Killed a black bear
  2618 | D:4      | Reached skill level 5 in Transmutations
  2726 | D:4      | Reached XP level 7. HP: 43/43 MP: 6/10
  2809 | D:4      | Found a radiant altar of Vehumet.
  2819 | D:4      | Reached skill level 5 in Ice Magic
  3287 | D:5      | Entered Level 5 of the Dungeon
  3361 | D:5      | Reached skill level 6 in Transmutations
  3366 | D:5      | Slain by a gnoll

Illustrated notes

Levels and vault maps discovered:
D:1:      lemuel_arrival_lava_pool, layout_rooms, serial_shops, shop,
          hangedman_abyss_or_decor_lesser_grid
D:2:      layout_basic, nicolae_figureground_sparkle
D:3:      layout_loops_cross, marbit_many_paths, chequers_serial_rivers_small_a,
          chequers_mini_garden, minmay_misc_feat_chi
D:4:      layout_layer_cave, nicolae_vehumet_altar_sigil,
          nicolae_ossuary_entry_monument, minmay_bisected
D:5:      layout_gridville

Skill      XL: |  1  2  3  4  5  6  7 |
---------------+----------------------+-----
Ice Magic      | 1 2 3 4 5 |  5.6
Transmutations | 3 4 5 6 |  6.1
Fighting       | |  1.0
Dodging        | |  2.0
Unarmed Combat | |  3.0
Spellcasting   | |  2.0

Action                     |  1- 3 |  4- 6 |  7- 9 || total
---------------------------+-------+-------+-------++-------
  Melee: Unarmed           |    67 |    43 |    25 ||   135
         Constrict         |    22 |     2 |       ||    24
         Kick              |    13 |     1 |       ||    14
         Tentacles         |    13 |     2 |       ||    15
   Cast: Beastly Appendage |    12 |     3 |       ||    15
         Wereblood         |     1 |     2 |     2 ||     5
         Ice Form          |       |     5 |     4 ||     9
   Stab: Sleeping          |     3 |       |       ||     3
         Distracted        |       |     1 |       ||     1
 Armour: Skin              |     2 |     6 |     4 ||    12
  Dodge: Dodged            |    47 |    18 |    18 ||    83

Table legend: (Time is in decaauts)
 A = Elapsed time spent in this place.
 B = Non-inter-level travel time spent in this place.
 C = Inter-level travel time spent in this place.
 D = Time resting spent in this place.
 E = Time spent auto-exploring this place.
 F = Levels seen in this place.
 G = Mean time per level.
                   A        B        C        D        E       F      G
               +--------+--------+--------+--------+--------+-----+--------+
         Total |   3355 |   3296 |     59 |      0 |   2810 |   5 |  671.0 |
       Dungeon |   3355 |   3296 |     59 |      0 |   2810 |   5 |  671.0 |
               +--------+--------+--------+--------+--------+-----+--------+

Top non-repeatable levels by time:
     D:4: 1004 daAuts
     D:2: 850 daAuts
     D:3: 715 daAuts
     D:1: 707 daAuts
     D:5: 78 daAuts
